 Dungeon Crawl Stone Soup version 0.26-a0-49-g0e6732e0a6 (webtiles) character file.

Game seed: 10062818098680915034

14 Maedhros the Sneak (level 2, 0/18 HPs)
             Began as an Octopode Artificer on June 4, 2020.
             Was a Follower of Makhleb.
             Slain by a leopard gecko zombie (3 damage)
             ... on level 3 of the Dungeon.
             The game lasted 00:00:44 (122 turns).

Maedhros the Sneak (Octopode Artificer)              Turns: 122, Time: 00:00:45

Health: 0/18       AC:  1    Str: 11    XL:     2   Next: 45%
Magic:  4/4        EV: 13    Int: 13    God:    Makhleb [*.....]
Gold:   0          SH:  0    Dex: 12    Spells: 1/1 levels left

rFire    . . .     SeeInvis .   a - +0 short sword
rCold    . . .     Gourm    .   (no shield)
rNeg     . . .     Faith    .   (helmet restricted)
rPois    .         Spirit   .   (no amulet)
rElec    .         Reflect  .   (no ring)
rCorr    .         Harm     .   (no ring)
MR       .....                  (no ring)
Stlth    +++.......             (no ring)
HPRegen  0.06/turn              (no ring)
MPRegen  0.09/turn              (no ring)
                                (no ring)
                                (no ring)

@: no status effects
A: almost no armour, stealthy swim, amphibious, 8 rings, constrict 8, camouflage
1, gelatinous body 1
a: Renounce Religion


You were on level 3 of the Dungeon.
You worshipped Makhleb.
Makhleb was aware of your devotion.
You were not hungry.

You visited 1 branch of the dungeon, and saw 3 of its levels.

Inventory:

Hand Weapons
 a - a +0 short sword (weapon)
Wands
 b - a wand of flame (13)
 c - a wand of enslavement (15)
 d - a wand of random effects (14)
Scrolls
 e - a scroll of identify {unknown}
 g - a scroll of teleportation {unknown}
 h - a scroll of fog {unknown}
Comestibles
 f - 2 rations


   Skills:
 - Level 1.0 Fighting
 - Level 1.0 Short Blades
 - Level 2.0 Dodging
 + Level 3.5 Stealth
 - Level 3.2 Evocations


You had one spell level left.
You didn't know any spells.
Your spell library was empty.

Dungeon Overview and Level Annotations

Branches:
Dungeon (3/15)

Altars:
Makhleb


Innate Abilities, Weirdness & Mutations

You cannot wear most types of armour.
You are very stealthy in the water. (Stealth+)
You are amphibious.
You can wear up to eight rings at the same time.
You can use your tentacles to constrict eight enemies at once.
Your skin changes colour to match your surroundings (Stealth+).
Your rubbery body absorbs attacks. (AC +1, EV +1)


Message History

The leopard gecko zombie barely misses you.
The leopard gecko bites you.
* * * LOW HITPOINT WARNING * * *
The leopard gecko zombie closely misses you.
The leopard gecko barely misses you.
You closely miss the leopard gecko. You grab the leopard gecko.
You squeeze the leopard gecko.
The leopard gecko is severely wounded.
You constrict the leopard gecko. The leopard gecko barely misses you.
A goblin comes into view.
You barely miss the leopard gecko.
The leopard gecko is almost dead.
You constrict the leopard gecko.
You kill the leopard gecko!
Makhleb accepts your kill.
You barely miss the leopard gecko zombie.
You grab the leopard gecko zombie.
You constrict the leopard gecko zombie, but do no damage.
The leopard gecko zombie bites you.
You die...

..#....l.# #####
#.#.###### #....
#.#.#.## #....
#...#..##
#....###.......#
#..........8...#
#.....##..8.8..#
#......#.8._Z8.#
#.>..#.#..8.8@.#
#....#.....8...#
#....##.....?..#
##### ####....##
##...# ..#.#
#..#g# #..#.#


You could see a leopard gecko zombie and a goblin.

Vanquished Creatures
  A worm (D:3)
  A dart slug (D:2)
  A leopard gecko (D:3)
  4 jackals (D:1)
  A rat (D:1)
8 creatures vanquished.

Notes
Turn   | Place    | Note
-------+----------+-------------------------------------------
     0 | D:1      | Maedhros the Octopode Artificer began the quest for the
                  | Orb.
     0 | D:1      | Reached XP level 1. HP: 13/13 MP: 3/3
    79 | D:2      | Reached XP level 2. HP: 4/18 MP: 4/4
    90 | D:3      | Found a faded altar of an unknown god.
   115 | D:3      | Became a worshipper of Makhleb the Destroyer
   115 | D:3      | Reached * piety under Makhleb
   122 | D:3      | Slain by a leopard gecko zombie

Illustrated notes

Levels and vault maps discovered:
D:1:      nicolae_arrival_somewhat_less_tricky_arrival, layout_loops_ring,
          due_unseen_surprise
D:2:      layout_basic, palyth_stone_intersect, st_stairs_5
D:3:      layout_rooms, lemuel_doored_altar,
          chequers_ecumenical_altar_simple_redux, kennysheep_donut

Skill      XL: |  1 |
---------------+----+-----
Stealth        | 3 |  3.5
Fighting       | |  1.0
Short Blades   | |  1.0
Dodging        | |  2.0
Evocations     | |  3.2

Action                   || total
-------------------------++-------
Melee: Short sword       ||    20
       Constrict         ||     5
       Tentacles         ||     3
Evoke: Wand              ||     3
Dodge: Dodged            ||    17

Table legend:
 A = Non-vault XP
 B = Vault XP
 C = Vault XP percentage of total XP
 D = Non-vault monster count
 E = Vault monster count
 F = Vault count percentage of total count
                 A         B        C        D         E       F
            +---------+---------+-------+---------+---------+-------
      Total |      21 |       0 |   0.0 |       8 |       0 |   0.0
            +---------+---------+-------+---------+---------+-------
        D:1 |       9 |       0 |   0.0 |       5 |       0 |   0.0
        D:2 |       4 |       0 |   0.0 |       1 |       0 |   0.0
        D:3 |       8 |       0 |   0.0 |       2 |       0 |   0.0
            +---------+---------+-------+---------+---------+-------
